 Dungeon Crawl Stone Soup version 0.31.0-12-g77e489cdc1 (webtiles) character file.

Game seed: 2561669864431443122

265 hawla the Ducker (level 5, 0/45 HPs)
             Began as a Minotaur Fighter on Feb 19, 2024.
             Was a Follower of Yredelemnul.
             Succumbed to a scorpion's poison
             ... on level 4 of the Dungeon.
             The game lasted 00:04:38 (2314 turns).

hawla the Ducker (Minotaur Fighter)                 Turns: 2314, Time: 00:04:39

Health: 0/45       AC: 13    Str: 21    XL:     5   Next: 99%
Magic:  4/4        EV:  7    Int:  5    God:    Yredelemnul [*.....]
Gold:   240        SH:  5    Dex: 11    Spells: 4/4 levels left

rFire   . . .        a - +1 long sword
rCold   . . .        c - +0 buckler
rNeg    . . .        n - +0 plate armour
rPois   .            (helmet restricted)
rElec   .            k - +0 cloak
rCorr   .            (no gloves)
SInv    .            e - +0 pair of boots
Will    ++...        i - amulet of guardian spirit Stlth
                     m - ring of willpower
HPRegen 0.27/turn    (no ring)
MPRegen 0.09/turn

%: guardian spirit
@: lethally poisoned (0 -> -3), enlightened, flying
A: horns 2, retaliatory headbutt
a: Renounce Religion, Recall Undead Harvest


You were on level 4 of the Dungeon.
You worshipped Yredelemnul.
Yredelemnul was noncommittal.
You visited 2 branches of the dungeon, and saw 5 of its levels.

You collected 240 gold pieces.

Inventory:

Hand Weapons
 a - a +1 long sword (weapon)
Missiles
 j - 9 poisoned darts (quivered)
Armour
 c - a +0 buckler (worn)
 e - a +0 pair of boots (worn)
 k - a +0 cloak (worn)
 n - a +0 plate armour (worn)
Jewellery
 i - an amulet of guardian spirit (around neck)
 l - a ring of ice
 m - a ring of willpower (left hand)
Scrolls
 b - 2 scrolls of vulnerability
 g - 2 scrolls of identify
 h - a scroll of fear
Potions
 f - a potion of haste


   Skills:
 - Level 3.6 Fighting
 - Level 2.4 Long Blades
 - Level 3.6 Armour
 + Level 5.6 Dodging
 - Level 5.0 Shields


You had 4 spell levels left.
You didn't know any spells.
Your spell library was empty.

Dungeon Overview and Level Annotations

Branches:
Dungeon (4/15)             Temple (1/1) D:4

Altars:
Ashenzari
Cheibriados
Dithmenos
Fedhas
Gozag
Hepliaklqana
Nemelex Xobeh
Okawaru
Ru
Sif Muna
Uskayaw
Vehumet
Wu Jian
Yredelemnul
Zin
The Shining One


Innate Abilities, Weirdness & Mutations

You have a pair of horns on your head.
You reflexively headbutt those who attack you in melee.


Message History

Your adder zombie bites the scorpion but does no damage.
Your orc wizard zombie hits the scorpion but does no damage.
You block the scorpion's attack.
Your orc zombie hits the scorpion but does no damage.
It was a potion of magic.
Magic courses through your body.
* * * LOW HITPOINT WARNING * * *
You feel very sick.
Your adder zombie bites the scorpion but does no damage.
Your orc wizard zombie hits the scorpion but does no damage.
The scorpion stings your adder zombie.
Your orc zombie closely misses the scorpion.
You swap places.
* * * LOW HITPOINT WARNING * * *
You feel very sick.
Your adder zombie barely misses the scorpion.
The scorpion stings your adder zombie.
Your orc wizard zombie hits the scorpion but does no damage.
Your quokka zombie closely misses the scorpion.
Your adder zombie misses the scorpion.
* * * LOW HITPOINT WARNING * * *
You feel very sick.
The scorpion stings your orc wizard zombie.
Your orc zombie hits the scorpion but does no damage.
Your quokka zombie barely misses the scorpion.
Your orc wizard zombie hits the scorpion but does no damage.
Your adder zombie bites the scorpion.
The scorpion dies!
You swap places.
* * * LOW HITPOINT WARNING * * *
You feel sick.
* * * LOW HITPOINT WARNING * * *
You feel sick.
* * * LOW HITPOINT WARNING * * *
You feel sick.
You see here a blue potion.
It was a potion of enlightenment.
You feel very buoyant.
You fly up into the air.
You die...
Your body rises from the dead as a mindless zombie.

#.Z.ZZZ.ZZZ...........#.#
#Z#.##...#............#.#
#.#.##...#............#.#
#.#.##...#............#.#
#.#.##...#............#.#
##Z#.##...#########.......
#..#.###### #.......
#Z##.########## #.......
#.#...ZZZ@....# ########
#Z#....ZZZ....#
###.#........>.....
#...............###
#.#.............#
#.#.............# #
#)............#
#..#..#.###+### #..#..#...


You could see a friendly ball python zombie, a friendly adder zombie, a friendly
quokka zombie, a friendly orc zombie, a friendly orc wizard zombie and a
friendly bombardier beetle zombie.

Vanquished Creatures
  A bombardier beetle (D:4)
  An iguana (D:4)
  An orc wizard (D:4)
  5 adders
  A white imp (D:3)
  A dart slug (D:1)
  A ribbon worm (D:2)
  10 orcs
  6 ball pythons
  6 endoplasms
  3 goblins
  7 hobgoblins
  4 bats
  3 frilled lizards
  2 goblin zombies (D:3)
  2 hobgoblin zombies (D:3)
  3 kobolds
  A kobold zombie (D:3)
  3 orc skeletons (D:3)
  3 orc zombies (D:3)
  5 rats
69 creatures vanquished.

Vanquished Creatures (collateral kills)
  A scorpion (D:4)
  A quokka (D:4)
2 creatures vanquished.

Grand Total: 71 creatures vanquished

Notes
Turn   | Place    | Note
-------+----------+-------------------------------------------
     0 | D:1      | hawla the Minotaur Fighter began the quest for the Orb.
     0 | D:1      | Reached XP level 1. HP: 19/19 MP: 0/0
   443 | D:1      | Reached XP level 2. HP: 26/26 MP: 1/1
   686 | D:2      | Found a faded altar of an unknown god.
   955 | D:2      | Reached skill level 5 in Shields
  1177 | D:3      | Reached XP level 3. HP: 31/31 MP: 2/2
  1186 | D:3      | Reached skill level 1 in Dodging
  1446 | D:3      | Reached XP level 4. HP: 25/39 MP: 3/3
  1632 | D:3      | Found a glowing golden altar of the Shining One.
  1855 | D:4      | Found a staircase to the Ecumenical Temple.
  1868 | Temple   | Entered the Ecumenical Temple
  1884 | Temple   | Became a worshipper of Yredelemnul the Dark
  1931 | D:4      | Reached XP level 5. HP: 18/45 MP: 4/4
  2186 | D:4      | Reached * piety under Yredelemnul
  2249 | D:4      | Reached skill level 5 in Dodging
  2312 | D:4      | HP: 2/45 [poisoned by a scorpion]
  2314 | D:4      | Succumbed to a scorpion's poison

Illustrated notes

Levels and vault maps discovered:
D:1:      pf_arrival_petrified_forest, layout_basic
D:2:      layout_basic, shapermc_ecumenical_altar_venn,
          kennysheep_big_empty_room, serial_park_tiny_pond,
          kennysheep_generic_room_11
D:3:      layout_rooms, nicolae_tso_besieged_by_evil, minivault_24
D:4:      layout_basic, minmay_temple_entry_statues_pillars,
          kennysheep_orc_chapel
Temple:   eino_wide_crystal_templ

Skill      XL: |  1  2  3  4  5 |
---------------+----------------+-----
Shields        | 4 5 |  5.0
Dodging        | 2 4 5 |  5.6
Fighting       | |  3.6
Long Blades    | |  2.4
Armour         | |  3.6

Action                     |  1- 3 |  4- 6 || total
---------------------------+-------+-------++-------
  Melee: Long sword        |    67 |    91 ||   158
         Headbutt          |     8 |    19 ||    27
    Use: Scroll            |     4 |     4 ||     8
         Potion            |       |     3 ||     3
 Armour: Scale mail        |    31 |       ||    31
         Plate armour      |    14 |    89 ||   103
  Dodge: Dodged            |    19 |    22 ||    41
  Block: Buckler           |    20 |    19 ||    39
